 Dungeon Crawl Stone Soup version 0.31.0-1-g2c135a0 (webtiles) character file.

Game seed: 15881716504082682184

1611 nerdeater69 the Magician (level 9, 0/68 HPs)
             Began as a Djinni Conjurer on Apr 23, 2024.
             Was an Initiate of Qazlal.
             Slain by an orc warrior
             ... wielding a +0 halberd
              (16 damage)
             ... on level 7 of the Dungeon.
             The game lasted 00:34:20 (3944 turns).

nerdeater69 the Magician (Djinni Conjurer)          Turns: 3944, Time: 00:34:26

Health: 0/68       AC:  2    Str:  6    XL:     9   Next: 16%
Gold:   247        EV: 12    Int: 24    God:    Qazlal [......] SH:  0 Dex: 12

rFire   + + .        p - +0 hand axe (heavy)
rCold   x . .        (no shield)
rNeg    . . .        a - +0 robe
rPois   ∞            (no helmet)
rElec   .            (no cloak)
rCorr   .            (no gloves)
SInv    +            (boots unavailable)
Will    .....        b - amulet of regeneration
Stlth   ++           l - ring of wizardry
HPRegen 1.11/turn    q - ring of see invisible
MPRegen 0.00/turn

%: wizardry (x1), infuse magic (-1 HP)
@: flying
A: sickness immunity, fire resistance 2, cold vulnerability 1, float, innate
caster, HP casting, extra vitality 1
a: Renounce Religion


You were on level 7 of the Dungeon.
You worshipped Qazlal.
Qazlal was noncommittal.
You visited 2 branches of the dungeon, and saw 8 of its levels.

You collected 247 gold pieces.

Inventory:

Hand Weapons
 f - a +0 scythe of distortion
 p - a +0 heavy hand axe (weapon)
 w - the +1 dagger "Dehupn" {heavy, Int+5}
   (You found it on level 6 of the Dungeon)

   Int+5:     It affects your intelligence (+5).
Missiles
 z - 5 javelins
 C - a throwing net
Armour
 a - a +0 robe (worn)
Jewellery
 b - an amulet of regeneration (around neck)
 j - a ring of ice
 k - a ring of positive energy
 l - a ring of wizardry (left hand)
 q - a ring of see invisible (right hand)
 s - a ring of protection from cold
 A - a +4 ring of slaying
Talismans
 x - a flux talisman
Wands
 d - a wand of flame (39)
Scrolls
 c - 3 scrolls of teleportation
 o - a scroll of fear {unknown}
 v - a scroll of summoning
Potions
 e - 2 potions of attraction
 g - a potion of enlightenment
 h - 2 potions of heal wounds
 i - 3 potions of mutation
 m - 2 potions of curing
 n - a potion of might {unknown}


   Skills:
 * Level 7.0 Fighting
 - Level 2.1 Dodging
 - Level 1.5 Stealth
 * Level 7.4 Spellcasting
 * Level 7.4 Conjurations
 * Level 7.4 Hexes
 * Level 7.4 Summonings
 * Level 7.4 Necromancy
 * Level 7.4 Translocations
 * Level 7.4 Fire Magic
 * Level 7.4 Ice Magic
 * Level 7.4 Air Magic
 * Level 7.4 Earth Magic
 * Level 7.4 Alchemy


You knew the following spells:

 Your Spells              Type           Power      Damage    Failure   Level
a - Magic Dart            Conj           100%       1d8       1%          1
b - Searing Ray           Conj           88%        2d7       1%          2
c - Fulminant Prism       Conj/Alch      22%        3d12      1%          4
d - Iskenderun's Mystic   Conj/Tloc      44%        2d10      1%          4
e - Slow                  Hex            100%       N/A       1%          1
f - Jinxbite              Hex            88%        N/A       1%          2
g - Call Imp              Summ           88%        N/A       1%          2
h - Frozen Ramparts       Ice            88%        1d14      1%          3
Your spell library was empty.

Dungeon Overview and Level Annotations

Branches:
Dungeon (7/15)             Temple (1/1) D:5

Altars:
Ashenzari
Cheibriados
Dithmenos
Elyvilon
Fedhas
Gozag
Hepliaklqana
Nemelex Xobeh
Okawaru
Qazlal
Trog
Uskayaw
Yredelemnul
Zin
The Shining One

Shops:
D:1 :   D:4 ?   D:5 (

Annotations:
D:4 2 transporters, strontium90w's ghost, amateur HOFi


Innate Abilities, Weirdness & Mutations

You are immune to sickness and miasma.
You are immune to poison.
Your flesh is very heat resistant. (rF++)
You are vulnerable to cold. (rC-)
You float through the air rather than walking.
You learn spells naturally, not from books.
Your magical power is your life essence.
You have superior vitality. (+4 MHP)


Message History

The orc warrior hits your cerulean imp with a +0 halberd!
Your cerulean imp hits the orc warrior but does no damage.
The orc warrior barely misses your cerulean imp.
You see here a staff of earth.
Your cerulean imp hits the orc warrior but does no damage.
The orc warrior hits your cerulean imp with a +0 halberd!!
Your cerulean imp dies!
Your cerulean imp disappears in a puff of smoke!
The orc warrior shouts!
Casting: Iskenderun's Mystic Blast (dangerous; 1% risk of failure)
Confirm with . or Enter, or press ? or * to list all spells.
Aiming: Searing Ray (safe; 1% risk of failure)
Press: ? - help, Shift-Dir - straight line, f - orc warrior
Aim: an orc warrior, wielding a +0 halberd and wearing a +0 plate armour (severely wounded, 82% to hit)
The searing ray hits the orc warrior!
The orc warrior is almost dead. (Press . to maintain the ray.)
* * * LOW HITPOINT WARNING * * *
Casting: Searing Ray (safe; 1% risk of failure)
Confirm with . or Enter, or press ? or * to list all spells.
You don't know that spell.
Casting: Searing Ray (safe; 1% risk of failure)
Confirm with . or Enter, or press ? or * to list all spells.
You don't know that spell.
Casting: Searing Ray (safe; 1% risk of failure)
Confirm with . or Enter, or press ? or * to list all spells.
Aiming: Magic Dart (safe; 1% risk of failure)
Press: ? - help, Shift-Dir - straight line, f/p - orc warrior
Aim: an orc warrior, wielding a +0 halberd and wearing a +0 plate armour (almost dead, 100% to hit)
The magic dart hits the orc warrior but does no damage.
The orc warrior is almost dead.
* * * LOW HITPOINT WARNING * * *
Casting: Magic Dart (safe; 1% risk of failure)
Confirm with . or Enter, or press ? or * to list all spells.
You erupt in a blast of force!
The mystic blast hits the orc warrior but does no damage.
The orc warrior is almost dead.
* * * LOW HITPOINT WARNING * * *
The orc warrior hits you from afar with a +0 halberd!
You die...

.........#
..........
......... #
........ .#
.....# .#
#####.#.####..#
#.......†#...####
#......|§<...)..#
#.>...@.o§#####..
###......##
#......# #......#
########


You could see an orc warrior.

Vanquished Creatures
  Sigmund (D:3)
  Eustachio (D:5)
  Edmund (D:4)
  2 ice beasts
  A black bear (D:6)
  2 phantoms (D:5)
  A bullfrog (D:7)
  A scorpion (D:5)
  3 jellies
  A howler monkey (D:6)
  2 bombardier beetles (D:5)
  2 hounds
  3 orc priests
  An iguana (D:6)
  3 orc wizards
  12 adders
  2 dart slugs
  3 ribbon worms
  18 orcs
  4 endoplasms
  3 giant cockroaches
  2 goblins
  2 hobgoblins
  4 quokkas
  A ball python (D:2)
  4 bats
  2 kobolds
82 creatures vanquished.

Vanquished Creatures (collateral kills)
  An orc wizard (D:6)
1 creature vanquished.

Vanquished Creatures (others)
  12 fulminant prisms
12 creatures vanquished.

Grand Total: 95 creatures vanquished

Notes
Turn   | Place    | Note
-------+----------+-------------------------------------------
     0 | D:1      | nerdeater69 the Djinni Conjurer began the quest for the
                  | Orb.
     0 | D:1      | nerdeater69 set off with the following spells memorised:
                  | Magic Dart, Searing Ray, Fulminant Prism, Iskenderun's
                  | Mystic Blast.
     0 | D:1      | Reached XP level 1. HP: 15/15 MP: 0/0
    14 | D:1      | Found Esootite's Book Shop.
   538 | D:1      | Reached XP level 2. HP: 22/22 MP: 0/0
   637 | D:1      | Reached skill level 1 in Fighting
   788 | D:2      | Reached XP level 3. HP: 28/28 MP: 0/0
   788 | D:2      | Learned a level 1 spell: Slow
   802 | D:2      | Reached XP level 4. HP: 26/33 MP: 0/0
  1455 | D:3      | Noticed Sigmund
  1472 | D:3      | Killed Sigmund
  1473 | D:3      | Reached XP level 5. HP: 38/41 MP: 0/0
  1473 | D:3      | Learned a level 2 spell: Jinxbite
  1473 | D:3      | Reached XP level 6. HP: 44/47 MP: 0/0
  1500 | D:3      | Reached skill level 5 in Spellcasting
  1500 | D:3      | Reached skill level 5 in Conjurations
  1500 | D:3      | Reached skill level 5 in Hexes
  1500 | D:3      | Reached skill level 5 in Summonings
  1500 | D:3      | Reached skill level 5 in Necromancy
  1500 | D:3      | Reached skill level 5 in Translocations
  1500 | D:3      | Reached skill level 5 in Fire Magic
  1500 | D:3      | Reached skill level 5 in Ice Magic
  1500 | D:3      | Reached skill level 5 in Air Magic
  1500 | D:3      | Reached skill level 5 in Earth Magic
  1500 | D:3      | Reached skill level 5 in Alchemy
  1564 | D:3      | You are sucked into a shaft and drop 1 floor!
  1630 | D:4      | Found a transporter.
  1632 | D:4      | Noticed strontium90w's ghost (amateur HOFi)
  1632 | D:4      | Noticed a water moccasin
  1820 | D:4      | Found Harghis's Magic Scroll Emporium.
  1925 | D:4      | Noticed Edmund
  1940 | D:4      | Killed Edmund
  1941 | D:4      | Reached XP level 7. HP: 23/53 MP: 0/0
  1941 | D:4      | Learned a level 2 spell: Call Imp
  2073 | D:4      | Found a transporter.
  2208 | D:5      | Entered Level 5 of the Dungeon
  2345 | D:5      | Reached skill level 5 in Fighting
  2452 | D:5      | Reached XP level 8. HP: 59/59 MP: 0/0
  2796 | D:5      | Found a staircase to the Ecumenical Temple.
  2804 | Temple   | Found a transporter.
  2804 | Temple   | Found a transporter.
  2804 | Temple   | Found a transporter.
  2804 | Temple   | Found a transporter.
  2804 | Temple   | Entered the Ecumenical Temple
  2905 | Temple   | Became a worshipper of Qazlal Stormbringer
  3042 | D:5      | Found Notaroin's Weapon Shop.
  3159 | D:5      | Noticed Eustachio
  3169 | D:5      | Killed Eustachio
  3319 | D:6      | Identified the +1 dagger "Dehupn" {heavy, Int+5}
  3416 | D:6      | Reached XP level 9. HP: 66/67 MP: 0/0
  3416 | D:6      | Learned a level 3 spell: Frozen Ramparts
  3550 | D:6      | Found a broken altar of Ashenzari.
  3944 | D:7      | Slain by an orc warrior

Illustrated notes

Levels and vault maps discovered:
D:1:      nzn_arrival_water_spiral, layout_basic, serial_shops, shop
D:2:      wander_river, layout_loops_ring, due_unseen_surprise
D:3:      layout_rooms, chequers_serial_rivers_room_a, hangedman_glass_teeth,
          minmay_misc_feat_rugged, serial_bayou_crossing, uniq_sigmund
D:4:      layout_loops_ring, gammafunk_ghost_arena, serial_shops,
          nicolae_shop_getting_attention, chequers_arboretum, uniq_edmund
D:5:      layout_gridville, temple_green, serial_shops, kennysheep_little_box,
          uniq_eustachio
D:6:      layout_loops_cross, ashenzari_altar_1
D:7:      layout_rooms, nicolae_overflow_two_pavilions, demons_altar,
          uniq_crazy_yiuf_cottage, uniq_menkaure
Temple:   hellmonk_temple_divided_pantheon

Skill      XL: |  1  2  3  4  5  6  7  8  9 |
---------------+----------------------------+-----
Fighting       | 2 3 4 5 6 7 |  7.0
Spellcasting   | 4 5 6 7 |  7.4
Conjurations   | 4 5 6 7 |  7.4
Hexes          | 4 5 6 7 |  7.4
Summonings     | 4 5 6 7 |  7.4
Necromancy     | 4 5 6 7 |  7.4
Translocations | 4 5 6 7 |  7.4
Fire Magic     | 4 5 6 7 |  7.4
Ice Magic      | 4 5 6 7 |  7.4
Air Magic      | 4 5 6 7 |  7.4
Earth Magic    | 4 5 6 7 |  7.4
Alchemy        | 4 5 6 7 |  7.4
Dodging        | |  2.1
Stealth        | |  1.5

Action                     |  1- 3 |  4- 6 |  7- 9 || total
---------------------------+-------+-------+-------++-------
  Melee: Unarmed           |       |     1 |       ||     1
   Cast: Magic Dart        |    49 |    64 |    97 ||   210
         Fulminant Prism   |       |     4 |     8 ||    12
         Slow              |       |     1 |     1 ||     2
         Searing Ray       |       |     7 |    16 ||    23
         Iskenderun's Myst |       |     4 |    14 ||    18
         Jinxbite          |       |     1 |     1 ||     2
         Call Imp          |       |       |     4 ||     4
         Frozen Ramparts   |       |       |     4 ||     4
    Use: Scroll            |       |     6 |     8 ||    14
 Armour: Robe              |     5 |    12 |     9 ||    26
  Dodge: Dodged            |    16 |     5 |     8 ||    29
